 Dungeon Crawl Stone Soup version 0.30-a0-722-g3e6e8c874d (webtiles) character file.

Game seed: 15492871968472476233

2942 ASSMAN the Martial Artist (level 9, -5/74 HPs)
             Began as a Demonspawn Transmuter on Jan 28, 2023.
             Was a Follower of Ashenzari.
             Slain by Amaemon
             ... wielding a +1 demon whip of venom
              (14 damage)
             ... on level 8 of the Dungeon.
             The game lasted 00:13:35 (7149 turns).

ASSMAN the Martial Artist (Demonspawn Transmuter)   Turns: 7149, Time: 00:13:36

Health: -5/74      AC:  2    Str: 10    XL:     9   Next: 51%
Magic:  9/12       EV: 14    Int: 19    God:    Ashenzari [*.....]
Gold:   244        SH:  0    Dex: 20    Spells: 2/12 levels left

rFire   . . .      SeeInvis .      - Unarmed
rCold   . . .      Faith    .    (no shield)
rNeg    . . .      Spirit   .    a - +0 robe
rPois   .          Reflect  .    (helmet currently unavailable)
rElec   .          Harm     .    (no cloak)
rCorr   .          Rampage  .    (no gloves)
Will    .....                    (boots currently unavailable)
Stlth   ++                       (no amulet)
HPRegen 0.32/turn                r - ring of Star-Bound Wisdom {Dex+6, Evo, Cun} (curse)
MPRegen 0.13/turn                (no ring)

@: lethally poisoned (-5 -> -9), appendages, wereblooded
A: talons 2, horns 2, demonic guardian 1, weakness stinger 2, demonic touch 1
a: End Transformation, Renounce Religion, Curse Item, Shatter the Chains


You were on level 8 of the Dungeon.
You worshipped Ashenzari.
Ashenzari was aware of your devotion.
You had temporarily grown beastly talons.
You visited 1 branch of the dungeon, and saw 8 of its levels.
You also visited: Bailey.

You collected 370 gold pieces.
You spent 126 gold pieces at shops.

Inventory:

Armour
 a - a +0 robe (worn)
 g - the cursed +2 hat "Cursed Soothsayer" (melded) {Int+3, Alch, Cun}
   (You bought it in a shop on level 5 of the Dungeon)

   It has a curse which improves the following skills: Alchemy: Poison Magic and
   Transmutations.
   Cunning:   Dodging and Stealth.
Magical Staves
 u - a staff of fire
Jewellery
 f - a ring of fire
 r - the cursed ring of Star-Bound Wisdom (left hand) {Dex+6, Evo, Cun}
   (You found it on level 3 of the Dungeon)

   [ring of dexterity]

   Dex:       It affects your dexterity (+6).
   It has a curse which improves the following skills: Evocations: Evocations.
   Cunning:   Dodging and Stealth.
Wands
 m - a wand of roots (3)
Scrolls
 c - 8 scrolls of identify
 i - a scroll of noise
 j - 2 scrolls of teleportation
 n - a scroll of immolation
 o - a scroll of poison
 p - 3 scrolls of vulnerability
 s - a scroll of fog
Potions
 b - 3 potions of lignification
 d - 4 potions of attraction
 e - 2 potions of curing
 h - a potion of flight
 k - 3 potions of cancellation
 l - 4 potions of heal wounds
 q - 6 potions of might
 t - 3 potions of haste
 v - 4 potions of magic
 w - a potion of invisibility


   Skills:
 * Level 7.9 Fighting
 + Level 3.5(4.3) Dodging
 * Level 8.5 Unarmed Combat
 - Level 2.0 Spellcasting
 + Level 4.4 Transmutations
 - Level 1.2 Poison Magic
 - Level 0.6(1.1) Evocations


You had 2 spell levels left.
You knew the following spells:

 Your Spells              Type           Power      Damage    Failure   Level
a - Beastly Appendage     Tmut           36%        N/A       2%          1
b - Wereblood             Tmut           18%        N/A       4%          2
c - Spider Form           Tmut/Pois      12%        N/A       16%         3
d - Ice Form              Ice/Tmut       10%        N/A       56%         4

Your spell library contained the following spells:

 Spells                   Type           Power      Damage    Failure   Level
 Necrotise                Necr           4%         1d4       17%         1
 Vampiric Draining        Necr           1%         2d6       45%         3
 Manifold Assault         Tloc           1%         N/A       86%         4
 Agony                    Necr           1%         N/A       99%         5
 Dispersal                Tloc           0%         N/A       100%        6
 Disjunction              Tloc           0%         N/A       100%        8


Dungeon Overview and Level Annotations

Branches:
Dungeon (8/15)             Temple (0/1) D:7          Bailey (visited)
   Lair: D:8-11

Altars:
Ashenzari
Cheibriados
Fedhas
Hepliaklqana
Makhleb
Nemelex Xobeh
Qazlal
Ru
Sif Muna
Trog
Wu Jian
Xom
Yredelemnul

Shops:
D:5 [

Annotations:
D:8 Amaemon


Innate Abilities, Weirdness & Mutations

You have temporarily grown beastly talons.
You have a pair of horns on your head.
A weak demonic guardian rushes to your aid.
You have a tail ending in a sharp stinger.
Your touch may inflict minor irresistible damage on your foes.


Message History

Confirm with . or Enter, or press ? or * to list all spells.
Your feet morph into talons.
The cursed +2 hat "Cursed Soothsayer" {Int+3, Alch, Cun} melds into your body.
You feel stupid.
Amaemon hits you with a +1 demon whip of venom!
You are poisoned.
Amaemon closely misses you.
Amaemon tail-slaps you but does no damage.
The orange demon stings you from afar.
Casting: Beastly Appendage (safe; 2% risk of failure)
Confirm with . or Enter, or press ? or * to list all spells.
Your blood is infused with primal strength.
You feel very sick. The orange demon barely misses you.
Amaemon points at the orange demon and mumbles some strange words.
The orange demon seems to grow toxic.
You barely miss Amaemon. You claw Amaemon, but do no damage.
Your headbutt misses Amaemon.
You tail-slap Amaemon, but do no damage.
You feel sick.
You closely miss Amaemon. You claw Amaemon. You headbutt Amaemon.
You tail-slap Amaemon.
Amaemon is lightly wounded.
You feel sick. Amaemon barely misses you. Amaemon closely misses you.
Amaemon completely misses you. The orange demon closely misses you.
You punch Amaemon! You claw Amaemon. You headbutt Amaemon.
Your touch misses Amaemon.
Amaemon is lightly wounded.
You feel sick. The orange demon stings you from afar!
Amaemon hits you with a +1 demon whip of venom!
Amaemon claws you!
* * * LOW HITPOINT WARNING * * *
Amaemon tail-slaps you but does no damage.
You punch Amaemon! Your kick misses Amaemon.
Amaemon is moderately wounded.
You feel sick. The orange demon stings you from afar!
* * * LOW HITPOINT WARNING * * *
A demonic guardian appears!
Amaemon hits you with a +1 demon whip of venom!
You die...

#..#.## #.#
#....# #.# #
##...##
#.##.....##
..........#
#.##......#####.#
# ##...#.>.....#
##5########## #@#
#..6# ...#.4.
###. .### ## ##


You could see Amaemon (ally target), an orange demon (curare) and a friendly
ufetubus (summoned).

Vanquished Creatures
  An orc knight (Bailey)
  A shadow (D:7)
  A steam dragon (D:5)
  A water moccasin (D:6)
  2 black bears
  2 ogres
  A sky beast (D:7)
  A centaur (D:5)
  A phantom (D:5)
  A gnoll sergeant (D:4)
  2 necrophages (D:6)
  6 scorpions
  2 bullfrogs
  3 killer bees (D:7)
  A howler monkey (D:5)
  4 hounds
  3 jellies
  5 orc wizards
  12 gnolls
  11 adders
  3 shadow imps
  A white imp (D:3)
  4 worms
  2 dart slugs (D:2)
  18 orcs
  7 ball pythons
  8 bats
  3 endoplasms
  3 giant cockroaches
  7 hobgoblins
  14 jackals
  5 quokkas
  A frilled lizard (D:1)
  16 goblins
  9 kobolds
  5 rats
167 creatures vanquished.

Vanquished Creatures (others)
  3 fungi (D:7)
  6 plants (D:8)
9 creatures vanquished.

Grand Total: 176 creatures vanquished

Notes
Turn   | Place    | Note
-------+----------+-------------------------------------------
     0 | D:1      | ASSMAN the Demonspawn Transmuter began the quest for the
                  | Orb.
     0 | D:1      | Reached XP level 1. HP: 15/15 MP: 3/3
    81 | D:1      | Reached skill level 3 in Unarmed Combat
   146 | D:1      | Found a faded altar of an unknown god.
   252 | D:1      | Discovered your monstrous ancestry.
   252 | D:1      | Gained mutation: Your touch may inflict minor irresistible
                  | damage on your foes. [demonic ancestry]
   252 | D:1      | Reached XP level 2. HP: 19/21 MP: 5/5
   908 | D:2      | Learned a level 2 spell: Wereblood
   936 | D:2      | Reached XP level 3. HP: 22/26 MP: 4/6
  1094 | D:2      | Reached skill level 4 in Unarmed Combat
  1113 | D:2      | Gained mutation: You have a small tail. [demonic ancestry]
  1113 | D:2      | Reached XP level 4. HP: 32/32 MP: 5/7
  2116 | D:3      | Found a shimmering blue altar of Sif Muna.
  2218 | D:3      | Found a hazy altar of Hepliaklqana.
  2356 | D:3      | Gained mutation: You have a pair of small horns on your
                  | head. [demonic ancestry]
  2356 | D:3      | Reached XP level 5. HP: 37/37 MP: 8/8
  2623 | D:3      | Found a sparkling altar of Nemelex Xobeh.
  2632 | D:3      | Found a snail-covered altar of Cheibriados.
  2697 | D:3      | Found an ornate altar of the Wu Jian Council.
  2704 | D:3      | Noticed a spectral centipede
  2704 | D:3      | Noticed a spectral black mamba
  2704 | D:3      | Noticed a spectral cane toad
  2802 | D:4      | Found a blossoming altar of Fedhas.
  2963 | D:4      | Noticed an ogre
  2969 | D:4      | Killed an ogre
  2970 | D:4      | Reached skill level 5 in Unarmed Combat
  2970 | D:4      | Gained mutation: You have a pair of horns on your head.
                  | [demonic ancestry]
  2970 | D:4      | Reached XP level 6. HP: 46/46 MP: 7/9
  3219 | D:4      | Found a bloodstained altar of Trog.
  3405 | D:4      | Reached XP level 7. HP: 54/54 MP: 10/10
  3406 | D:4      | Found a broken altar of Ashenzari.
  3429 | D:4      | Became a worshipper of Ashenzari the Shackled
  3871 | D:5      | Entered Level 5 of the Dungeon
  3899 | D:5      | Reached skill level 6 in Unarmed Combat
  4016 | D:5      | Reached skill level 5 in Fighting
  4153 | D:5      | Gained mutation: You have a tail ending in a sharp stinger.
                  | [demonic ancestry]
  4153 | D:5      | Reached XP level 8. HP: 56/63 MP: 9/11
  4278 | D:5      | Reached skill level 7 in Unarmed Combat
  4450 | D:5      | Found Qolesikk's Antique Armour Shoppe.
  4458 | D:5      | Bought a glowing hat for 126 gold pieces
  4638 | D:5      | Identified the cursed +2 hat "Cursed Soothsayer" {Int+3,
                  | Alch, Cun} (You bought it in a shop on level 5 of the
                  | Dungeon)
  4709 | D:5      | Found a basalt altar of Yredelemnul.
  4830 | D:5      | Found a burning altar of Makhleb.
  5256 | D:6      | Found a shimmering altar of Xom.
  5745 | D:6      | Reached * piety under Ashenzari
  5868 | D:7      | Found a flagged portal.
  5886 | D:7      | Reached skill level 8 in Unarmed Combat
  5886 | D:7      | Gained mutation: A weak demonic guardian rushes to your
                  | aid. [demonic ancestry]
  5886 | D:7      | Reached XP level 9. HP: 32/72 MP: 12/12
  6004 | Bailey   | Entered a bailey
  6023 | Bailey   | Learned a level 3 spell: Spider Form
  6028 | Bailey   | Learned a level 4 spell: Ice Form
  6300 | Bailey   | Noticed an orc knight
  6311 | Bailey   | Killed an orc knight
  6312 | Bailey   | Reached skill level 1 in Poison Magic
  6713 | D:7      | Found a staircase to the Ecumenical Temple.
  6745 | D:7      | Found a sacrificial altar of Ru.
  6856 | D:7      | Found a stormy altar of Qazlal.
  7141 | D:8      | Noticed an orange demon
  7142 | D:8      | Noticed Amaemon
  7149 | D:8      | Slain by Amaemon

Illustrated notes

Levels and vault maps discovered:
D:1:      mrwooster_arrival_arrow, layout_rooms, chequers_ecumenical_altar_lobes
D:2:      minmay_recursive_quarters, layout_basic, minivault_5
D:3:      layout_rooms, nicolae_sif_muna_condensation,
          pdpol_wu_jian_five_deadly_venoms, mainiacjoe_overflow_swirl,
          nicolae_hepliaklqana_hippocampus
D:4:      layout_loops_corners, mainiacjoe_overflow_concentric_impassable,
          trog_hazing_becter, fedhas_altar_3
D:5:      layout_rooms, lemuel_coloured_pillars_altar, kennysheep_little_box,
          serial_shops, nicolae_shop_waterfront
D:6:      layout_loops_cross, old_standard_altar
D:7:      layout_rooms, mainiacjoe_overflow_boulevard,
          nicolae_ru_sacrificial_ziggurat, minmay_temple_entry_glass,
          enter_bailey_3
D:8:      layout_loops_ring, david_lair_shrubbed, minmay_crystal_water,
          uniq_prince_ribbit1, uniq_maggie, uniq_amaemon

Skill      XL: |  1  2  3  4  5  6  7  8  9 |
---------------+----------------------------+-----
Unarmed Combat | 3 4 5 6 8 |  8.5
Transmutations | 2 3 4 |  4.4
Fighting       | 2 4 5 7 |  7.9
Dodging        | 2 3 |  3.5
Poison Magic   | 1 |  1.2
Spellcasting   | |  2.0
Evocations     | |  0.6

Action                     |  1- 3 |  4- 6 |  7- 9 || total
---------------------------+-------+-------+-------++-------
  Melee: Unarmed           |    98 |   141 |   189 ||   428
         Touch             |     9 |    23 |    36 ||    68
         Kick              |    11 |    14 |    26 ||    51
         Headbutt          |     4 |    17 |    40 ||    61
         Punch             |     1 |     3 |     3 ||     7
         Tailslap          |       |    13 |    33 ||    46
   Cast: Beastly Appendage |     5 |    16 |     9 ||    30
         Wereblood         |     1 |     3 |     5 ||     9
 Invoke: Curse Item        |       |       |     2 ||     2
  Evoke: Wand              |       |       |     2 ||     2
    Use: Scroll            |       |    10 |     3 ||    13
         Potion            |       |     2 |     2 ||     4
   Stab: Sleeping          |     2 |     1 |     8 ||    11
 Armour: Robe              |    15 |    34 |    24 ||    73
         Skin              |       |    20 |       ||    20
  Dodge: Dodged            |    53 |    92 |   142 ||   287

Table legend: (Time is in decaauts)
 A = Elapsed time spent in this place.
 B = Non-inter-level travel time spent in this place.
 C = Inter-level travel time spent in this place.
 D = Time resting spent in this place.
 E = Time spent auto-exploring this place.
 F = Levels seen in this place.
 G = Mean time per level.
                   A        B        C        D        E       F      G
               +--------+--------+--------+--------+--------+-----+--------+
         Total |   7102 |   6997 |    105 |   1229 |   4714 |   9 |  789.1 |
       Dungeon |   6620 |   6515 |    105 |   1142 |   4435 |   8 |  827.5 |
        Bailey |    482 |    482 |      0 |     87 |    279 |   1 |  482.0 |
               +--------+--------+--------+--------+--------+-----+--------+

Top non-repeatable levels by time:
     D:2: 1294 daAuts
     D:4: 1174 daAuts
     D:5: 947 daAuts
     D:6: 941 daAuts
     D:3: 801 daAuts
     D:7: 755 daAuts
     D:1: 654 daAuts
  Bailey: 482 daAuts
     D:8: 50 daAuts
